 Dungeon Crawl Stone Soup version 0.19.1 (webtiles) character file.

455 HelpMeObiWan the Conjurer (level 6, -5/32 HPs)
             Began as a Deep Elf Conjurer on Dec 11, 2016.
             Was an Initiate of Vehumet.
             Slain by a gnoll
             ... wielding a +0 halberd
              (7 damage)
             ... on level 4 of the Dungeon.
             The game lasted 00:09:59 (3677 turns).

HelpMeObiWan the Conjurer (Deep Elf Conjurer)       Turns: 3677, Time: 00:10:00

Health: -5/32      AC:  3    Str:  5    XL:     6   Next: 76%
Magic:  2/17       EV: 13    Int: 22    God:    Vehumet [......]
Gold:   139        SH:  0    Dex: 15    Spells: 5 memorised, 3 levels left

rFire  . . .     SeeInvis .     p - +2 short sword (protect)
rCold  . . .     Gourm    .     a - +0 robe
rNeg   . . .     Faith    .     (no shield)
rPois  .         Spirit   .     i - +0 helmet
rElec  .         Reflect  .     (no cloak)
rCorr  .         Harm     .     (no gloves)
MR     +....                    (no boots)
Stlth  ++........               o - amulet of regeneration
                                (no ring)
                                u - ring of protection from magic

@: flying
A: no striking features
a: Renounce Religion


You were on level 4 of the Dungeon.
You worshipped Vehumet.
Vehumet was noncommittal.
You were not hungry.

You visited 1 branch of the dungeon, and saw 4 of its levels.

You collected 139 gold pieces.

Inventory:

Hand Weapons
 j - a +2 dagger of holy wrath
 p - a +2 short sword of protection (weapon)
Armour
 a - a +0 robe (worn)
 i - a +0 helmet (worn)
Jewellery
 o - an amulet of regeneration (around neck)
 u - a ring of protection from magic (left hand)
 v - an uncursed ring of fire
Wands
 h - a wand of flame (48/48)
Scrolls
 d - 5 scrolls of identify {unknown}
 k - a scroll of magic mapping {unknown}
 m - 3 scrolls of remove curse {unknown}
Potions
 e - a potion of ambrosia {unknown}
 f - a potion of heal wounds {unknown}
 g - a potion of invisibility {unknown}
 l - a potion of beneficial mutation {unknown}
 n - a potion of curing {unknown}
 s - a potion of flight
 t - a potion of cure mutation {unknown}
Books
 b - a book of Conjurations

   Spells                             Type                      Level
   a - Magic Dart                     Conjuration                  1
   b - Searing Ray                    Conjuration                  2
   c - Dazzling Spray                 Conjuration/Hexes            3
   d - Fulminant Prism                Conjuration/Hexes            4
   e - Iskenderun's Mystic Blast      Conjuration                  4
   f - Iskenderun's Battlesphere      Conjuration/Charms           5
Comestibles
 c - 2 bread rations
 r - a meat ration
 w - a slice of pizza
 x - a beef jerky
 z - 2 chunks of flesh


   Skills:
 - Level 2.7 Dodging
 - Level 2.5 Stealth
 + Level 6.7 Spellcasting
 * Level 6.9 Conjurations
 * Level 2.4 Charms


You had 3 spell levels left.
You knew the following spells:

 Your Spells              Type           Power        Failure   Level  Hunger
a - Magic Dart            Conj           ####         1%          1    None
b - Searing Ray           Conj           #####.       1%          2    None
c - Iskenderun's Mystic   Conj           #####...     6%          4    ###....
d - Iskenderun's Battles  Conj/Chrm      ####....     38%         5    #####..
e - Dazzling Spray        Conj/Hex       ###...       8%          3    #......


Dungeon Overview and Level Annotations

Branches:
Dungeon (4/15)
 Temple: D:4-7

Altars:
Elyvilon
Gozag
Vehumet
Xom
Yredelemnul
Zin


Message History

You hit the gnoll.
Your weapon exudes an aura of protection.
The gnoll is lightly wounded.
The gnoll hits you but does no damage. The gnoll hits you with a flail!
* * * LOW HITPOINT WARNING * * *
The gnoll barely misses you.
As you read the scroll labeled OZI JUBOAL, it crumbles to dust.
It is a scroll of recharging.
Charge which item? (? for menu, Esc to quit)
Your wand of flame {zapped: 1} glows for a moment.
The gnoll closely misses you. The gnoll hits you with a flail.
* * * LOW HITPOINT WARNING * * *
The gnoll hits you with a flail.
* * * LOW HITPOINT WARNING * * *
A gnoll comes into view. It is wielding a halberd.
It was a potion of flight.
You feel very buoyant.
You fly up into the air.
The gnoll hits you with a halberd!
You die...

# .........#.#.#.#.#.#.#
.##.######......#.#.#.#.#.#)
...............#.#.#.#.#.#.#
>...............#.#.#.#.#.#.
...............<.#.#.#.#.#.#
##########......#.#.#.#.#.#.
............#.#)#.#.#.#.#
########g.....#.#.#.#.#.#. $
####.g@.#.#.#.#.#.#.#.#
#.#....g#.#....#.#.#.#.#. .
.#.#..##.....#.#.#.#.#.# ..
#..............#.#.#.#.#.
...###..P.P.##.#.# #.#.#.#.#
........._....#.#.# #.#.#.#.
#####g..P.P.##.#.#. #.#.#.#
....#.........#.#. #.#.#.
........#..###.# # # # #.#


You could see 4 gnolls.

Vanquished Creatures
  A scorpion (D:4)
  2 wights (D:4)
  A hound (D:4)
  2 orc wizards (D:3)
  2 worker ants (D:4)
  2 gnolls (D:4)
  5 adders
  An ooze (D:2)
  An adder skeleton (D:4)
  4 worms
  2 dart slugs
  2 leopard geckos
  11 orcs (D:3)
  6 giant cockroaches
  12 goblins
  10 hobgoblins
  8 jackals
  A quokka (D:3)
  A ball python (D:3)
  A ball python skeleton (D:4)
  10 bats
  3 frilled lizards
  5 kobolds
  5 rats
98 creatures vanquished.

Notes
Turn   | Place    | Note
-------+----------+-------------------------------------------
     0 | D:1      | HelpMeObiWan the Deep Elf Conjurer began the quest for the Orb.
     0 | D:1      | Reached XP level 1. HP: 10/10 MP: 6/6
   190 | D:1      | Reached XP level 2. HP: 15/15 MP: 5/8
   202 | D:1      | Learned a level 2 spell: Searing Ray
   712 | D:1      | Reached skill level 5 in Conjurations
   758 | D:1      | Reached XP level 3. HP: 19/19 MP: 6/10
  1198 | D:2      | Found an opulent altar of Gozag.
  1421 | D:2      | Reached XP level 4. HP: 24/24 MP: 9/12
  1568 | D:2      | Learned a level 4 spell: Iskenderun's Mystic Blast
  2187 | D:3      | Reached skill level 5 in Spellcasting
  2205 | D:3      | Reached XP level 5. HP: 28/28 MP: 4/14
  2215 | D:3      | Learned a level 5 spell: Iskenderun's Battlesphere
  2272 | D:3      | Found a white marble altar of Elyvilon.
  2276 | D:3      | Found a glowing silver altar of Zin.
  2627 | D:3      | Learned a level 3 spell: Dazzling Spray
  2715 | D:3      | Reached skill level 1 in Charms
  3057 | D:4      | Reached XP level 6. HP: 26/32 MP: 0/17
  3201 | D:4      | Found a basalt altar of Yredelemnul.
  3213 | D:4      | Found a radiant altar of Vehumet.
  3348 | D:4      | Found a shimmering altar of Xom.
  3535 | D:4      | Found a shimmering altar of Xom.
  3553 | D:4      | Became a worshipper of Vehumet
  3677 | D:4      | Slain by a gnoll

Skill      XL: |  1  2  3  4  5  6 |
---------------+-------------------+-----
Conjurations   | 5 6 |  6.9
Spellcasting   | 4 5 6 |  6.7
Charms         | 1 2 |  2.4
Dodging        | |  2.7
Stealth        | |  2.5

Action                   |  1- 3 |  4- 6 || total
-------------------------+-------+-------++-------
Melee: Dagger            |       |    15 ||    15
       Short sword       |       |    22 ||    22
 Cast: Magic Dart        |    64 |    73 ||   137
       Searing Ray       |     7 |    54 ||    61
       Iskenderun's Myst |       |     5 ||     5
  Use: Scroll            |       |     1 ||     1
       Potion            |       |     1 ||     1
 Stab: Sleeping          |       |     1 ||     1
  Eat: Chunk             |     1 |     8 ||     9
Armor: Robe              |     6 |    16 ||    22
Dodge: Dodged            |    18 |    48 ||    66
